 Dungeon Crawl Stone Soup version 0.24-a0-254-gf493760 (webtiles) character file.

Game seed: 1689223580896829430

44 robertstho the Grave Robber (level 3, -3/24 HPs)
             Began as a Mummy Necromancer on Apr 18, 2019.
             Slain by an adder (4 damage)
             ... on level 2 of the Dungeon.
             The game lasted 00:03:40 (762 turns).

robertstho the Grave Robber (Mummy Necromancer)      Turns: 762, Time: 00:03:41

Health: -3/24      AC:  2    Str: 11    XL:     3   Next: 41%
Magic:  1/7        EV: 12    Int: 15    God:
Gold:   72         SH:  0    Dex: 12    Spells: 2/7 levels left

rFire    x . .     SeeInvis .   b - +0 dagger
rCold    + . .     Gourm    .   (no shield)
rNeg     + + +     Faith    .   a - +0 robe
rPois    ∞         Spirit   .   (no helmet)
rElec    .         Reflect  .   (no cloak)
rCorr    .         Harm     .   (no gloves)
MR       .....                  (no boots)
Stlth    ++........             (no amulet)
HPRegen  0.08/turn              (no ring)
MPRegen  0.10/turn              (no ring)

@: about to teleport
A: no food or potions, fire vulnerability, cold resistance 1, negative energy
resistance 3, torment resistance, unbreathing
a: no special abilities


You were on level 2 of the Dungeon.
You were not hungry.

You visited 1 branch of the dungeon, and saw 2 of its levels.

You collected 72 gold pieces.

Inventory:

Hand Weapons
 b - a +0 dagger (weapon)
Missiles
 d - 97 sling bullets
Armour
 a - a +0 robe (worn)
 i - a cursed +0 ring mail
Scrolls
 c - 3 scrolls of identify {unknown}
 e - a scroll of immolation {unknown}
 f - a scroll of noise {unknown}
 g - a scroll of teleportation
 h - a scroll of enchant armour {unknown}


   Skills:
 + Level 0.1 Short Blades
 + Level 1.7 Dodging
 + Level 1.5 Stealth
 + Level 2.9 Spellcasting
 * Level 5.0 Necromancy


You had 2 spell levels left.
You knew the following spells:

 Your Spells              Type           Power        Failure   Level  Hunger
a - Pain                  Necr           ###.         2%          1    N/A
b - Animate Skeleton      Necr           N/A          2%          1    N/A
c - Vampiric Draining     Necr           ###.......   8%          3    N/A

Your spell library contained the following spells:

 Spells                   Type           Power        Failure   Level  Hunger
 Animate Dead             Necr           N/A          26%         4    N/A
 Regeneration             Chrm/Necr      Unusable     N/A         3    N/A

Dungeon Overview and Level Annotations

Branches:
Dungeon (2/15)

Altars:
Vehumet


Innate Abilities, Weirdness & Mutations

You do not eat or drink.
Your flesh is vulnerable to fire.
You are immune to poison.
Your flesh is cold resistant. (rC+)
You are immune to negative energy. (rN+++)
You are immune to unholy pain and torment.
You can survive without breathing.


Message History

The adder bites you.
* * * LOW HITPOINT WARNING * * *
Casting: Pain (safe; 2% risk of failure)
Confirm with . or Enter, or press ? or * to list all spells.
Aiming: Pain (safe; 2% risk of failure)
Press: ? - help, Shift-Dir - straight line, f/p - adder
Aim: an adder (lightly wounded, chance to defeat MR: 82%)
The adder barely resists.
The adder bites you.
* * * LOW HITPOINT WARNING * * *
The adder bites you but does no damage.
You see here a scroll labeled VETHRE XUUCIKHLA.
c - 3 scrolls labeled VETHRE XUUCIKHLA (gained 1)
The adder misses you. The adder barely misses you.
As you read the scroll labeled TISATT VYIPIAKH, it crumbles to dust.
You feel strangely unstable.
It was a scroll of teleportation.
The adder bites you.
* * * LOW HITPOINT WARNING * * *
The adder bites you.
You die...

###.. ########.... ##..........#
##....[.....# # #...........#
..##...........##
...............#### ...
##........@.......
...###.........S....###
.......#...#...##..#### .
#....###†###.........#
..###.#..#...#....#.###....# .#
#.........._......#.# #...###.#
###......#...#....#.####........
........###.###.................
....###..#...#....##.###........


You could see an adder.

Vanquished Creatures
  An adder (D:2)
  A worm (D:2)
  2 leopard geckos (D:1)
  3 giant cockroaches (D:1)
  6 goblins
  2 hobgoblins (D:1)
  4 kobolds (D:1)
  2 bats
  A frilled lizard (D:1)
  6 rats
28 creatures vanquished.

Vanquished Creatures (collateral kills)
  A dart slug (D:1)
  A bat (D:1)
  A goblin (D:1)
  A rat (D:1)
4 creatures vanquished.

Grand Total: 32 creatures vanquished

Notes
Turn   | Place    | Note
-------+----------+-------------------------------------------
     0 | D:1      | robertstho the Mummy Necromancer began the quest for the
                  | Orb.
     0 | D:1      | Reached XP level 1. HP: 13/13 MP: 4/4
    68 | D:1      | Reached XP level 2. HP: 18/19 MP: 0/5
    74 | D:1      | Learned a level 1 spell: Animate Skeleton
   460 | D:1      | Reached XP level 3. HP: 17/24 MP: 4/7
   465 | D:1      | Learned a level 3 spell: Vampiric Draining
   674 | D:2      | Found a radiant altar of Vehumet.
   717 | D:2      | Reached skill level 5 in Necromancy
   760 | D:2      | HP: 1/24 [adder (3)]
   762 | D:2      | Slain by an adder

Levels and vault maps discovered:
D:1:      psy_arrival_conway, layout_rooms
D:2:      layout_rooms, vehumet_crystals, overflow_temple_1_default,
          okawaru_metal_pillars_1_2, minmay_misc_feat_cross, due_unseen_surprise

Skill      XL: |  1  2  3 |
---------------+----------+-----
Necromancy     | 5 |  5.0
Short Blades   | |  0.1
Dodging        | |  1.7
Stealth        | |  1.5
Spellcasting   | |  2.9

Action                   || total
-------------------------++-------
Melee: Dagger            ||    24
       Unarmed           ||     1
 Cast: Pain              ||    44
       Animate Skeleton  ||     9
  Use: Scroll            ||     1
Armor: Robe              ||    11
Dodge: Dodged            ||    35

Table legend:
 A = Non-vault XP
 B = Vault XP
 C = Vault XP percentage of total XP
 D = Non-vault monster count
 E = Vault monster count
 F = Vault count percentage of total count
                 A         B        C        D         E       F
            +---------+---------+-------+---------+---------+-------
      Total |      64 |       0 |   0.0 |      32 |       0 |   0.0
            +---------+---------+-------+---------+---------+-------
        D:1 |      41 |       0 |   0.0 |      26 |       0 |   0.0
        D:2 |      23 |       0 |   0.0 |       6 |       0 |   0.0
            +---------+---------+-------+---------+---------+-------
